[Event "Titled Tuesday Blitz July 25 Early 2023"]
[White "Lakshmi C"]
[Black "Ionescu, Mihai"]
[WhiteFideId "25035347"]
[BlackFideId "1202499"]
[WhiteElo "2082"]
[BlackElo "2435"]
[Result "0-1"]
[Round "2"]
[TimeControl "180+2"]
[Date "2023.07.25"]
[WhiteClock "0:00:01"]
[BlackClock "0:00:03"]
[Board "242"]

1. e4 c5 2. Nf3 d6 3. d4 cxd4 4. Nxd4 Nf6 5. Nc3 g6 6. Be2 Bg7 7. O-O Nc6 8. Nb3 O-O 9. Bg5 Be6 10. f4 Qc8 11. Bf3 h6 12. Bh4 a6 13. Nd5 Bxd5 14. exd5 Nd8 15. Re1 Qd7 16. c4 e6 17. Rc1 Rc8 18. Qd3 b6 19. Qe3 Re8 20. Qxb6 exd5 21. cxd5 Rxe1+ 22. Rxe1 Nb7 23. Nd4 Nc5 24. Nc6 Kh7 25. Re7 Qf5 26. Bg3 Qb1+ 27. Re1 Qf5 28. Qb4 Nd3 29. Qd2 Nxe1 30. Qxe1 Re8 31. Qd2 Qd7 32. Qc2 Ng4 33. h3 Ne3 34. Qb3 Qf5 35. Qb6 Qb1+ 0-1


[Site "https://www.chess.com"]

[Event "Titled Tuesday Blitz July 25 Early 2023"]
[White "Semenova, Alina"]
[Black "Manukian, Artak"]
[WhiteFideId "24113875"]
[BlackFideId "13301373"]
[WhiteElo "2078"]
[BlackElo "2432"]
[Result "0-1"]
[Round "2"]
[TimeControl "180+2"]
[Date "2023.07.25"]
[WhiteClock "0:00:41"]
[BlackClock "0:00:49"]
[Board "243"]

1. e4 c6 2. d4 d5 3. Nd2 dxe4 4. Nxe4 Nf6 5. Nxf6+ exf6 6. Nf3 Bd6 7. Be3 O-O 8. Be2 Re8 9. O-O Nd7 10. Qd2 Nf8 11. Rfe1 Bg4 12. h3 Bh5 13. Nh2 Bg6 14. Bf3 Bc7 15. Nf1 Qd6 16. Rad1 Re7 17. c4 Rae8 18. d5 c5 19. b4 b6 20. a4 cxb4 21. a5 b3 22. Qc3 Bc2 23. Rc1 Qe5 24. Qxe5 Bxe5 25. axb6 axb6 26. Bxb6 Bh2+ 27. Kxh2 Rxe1 28. Rxe1 Rxe1 29. Bd4 Rxf1 30. c5 Bf5 31. c6 Rxf2 32. Bg4 Bxg4 33. hxg4 Rc2 34. Kg3 Ng6 35. Kf3 Ne5+ 0-1


[Site "https://www.chess.com"]

[Event "Titled Tuesday Blitz July 25 Early 2023"]
[White "Winkels, Marcel"]
[Black "Silva Lucena, Cristian"]
[WhiteFideId "1003887"]
[BlackFideId "2232588"]
[WhiteElo "2051"]
[BlackElo "2431"]
[Result "0-1"]
[Round "2"]
[TimeControl "180+2"]
[Date "2023.07.25"]
[WhiteClock "0:00:07"]
[BlackClock "0:02:03"]
[Board "244"]

1. e4 c6 2. d4 d5 3. exd5 cxd5 4. c3 Nc6 5. Bd3 g6 6. Bf4 Bf5 7. Nf3 Bh6 8. Bxh6 Nxh6 9. Bxf5 Nxf5 10. O-O Qb6 11. Qb3 Qxb3 12. axb3 O-O 13. Re1 e6 14. Nbd2 a6 15. b4 h5 16. Nb3 Kg7 17. Nc5 Rfb8 18. Ra3 Nd6 19. Rea1 Nc4 20. R3a2 Na7 21. Nd7 Rc8 22. Nc5 Rc7 23. b3 Nd6 24. Ne5 Nab5 25. Rc2 Rac8 26. Kf1 b6 27. Na4 Nxd4 28. Rd2 Nxb3 29. Nxb6 Nxd2+ 30. Ke2 N2c4 31. Nxc8 Rxc8 32. Rxa6 Nxe5 33. f4 Nec4 34. Kd3 Rb8 35. g3 Rb6 36. Ra7 Nb5 37. Ra8 Ncd6 38. h4 Rc6 39. c4 Rxc4 40. Rb8 Rxb4 41. Kc2 Rc4+ 42. Kd3 Rc3+ 43. Kd2 Rxg3 44. f5 gxf5 45. Ke2 f4 46. Ke1 Nd4 47. Kf1 Ne4 48. Rb7 Kf6 49. Ra7 e5 50. Ra6+ Kf5 51. Ra7 Kg4 52. Rxf7 Rb3 53. Rg7+ Kf3 54. Kg1 Nf5 55. Rg8 Ne3 56. Kh1 Ng4 57. Rc8 Rb1+ 0-1


[Site "https://www.chess.com"]

[Event "Titled Tuesday Blitz July 25 Early 2023"]
[White "Pourkashiyan, Atousa"]
[Black "Goughfather"]
[WhiteFideId "12502014"]
[WhiteElo "2427"]
[BlackElo "2044"]
[Result "1-0"]
[Round "2"]
[TimeControl "180+2"]
[Date "2023.07.25"]
[WhiteClock "0:00:18"]
[BlackClock "0:00:01"]
[Board "245"]

1. Nf3 Nf6 2. g3 d5 3. Bg2 c6 4. O-O Bg4 5. d3 e6 6. Nbd2 Nbd7 7. b3 Be7 8. Bb2 O-O 9. c4 Re8 10. h3 Bh5 11. Nh2 Nc5 12. g4 Bg6 13. f4 h6 14. Nhf3 Bh7 15. Ne5 Ncd7 16. Ndf3 dxc4 17. bxc4 Qb6+ 18. Bd4 Bc5 19. Bxc5 Nxc5 20. Kh1 Rad8 21. Rb1 Qc7 22. Qc1 Ncd7 23. Qb2 b6 24. Nxd7 Rxd7 25. Ne5 Rd6 26. c5 bxc5 27. Qa3 Nd7 28. Nc4 Rd4 29. Qc1 e5 30. f5 e4 31. dxe4 Rexe4 32. Bxe4 Rxe4 33. Qc3 Rxe2 34. Ne5 Qxe5 35. Qxe5 Rxe5 36. Rfe1 1-0


[Site "https://www.chess.com"]

[Event "Titled Tuesday Blitz July 25 Early 2023"]
[White "Maluco_do_Natal_00"]
[Black "JonSnowNW1"]
[WhiteElo "2044"]
[BlackElo "2427"]
[Result "0-1"]
[Round "2"]
[TimeControl "180+2"]
[Date "2023.07.25"]
[WhiteClock "0:00:02"]
[BlackClock "0:00:05"]
[Board "246"]

1. e4 c5 2. Nf3 d6 3. d4 cxd4 4. Nxd4 Nf6 5. Nc3 a6 6. Be3 e5 7. Nb3 Be7 8. f3 Be6 9. Qd2 h5 10. O-O-O Nbd7 11. h3 h4 12. f4 exf4 13. Bxf4 Nh5 14. Be3 Ng3 15. Rg1 Rc8 16. Bd3 Ne5 17. Kb1 O-O 18. Nd5 Bxd5 19. exd5 Nxd3 20. Qxd3 Bg5 21. Bf2 Nh5 22. Qf5 Qf6 23. Nd4 g6 24. Qg4 Qxf2 25. Qxg5 Rc4 26. c3 Re8 27. Rgf1 Qe3 28. Qxh4 Qe4+ 29. Qxe4 Rxe4 30. Rde1 Rxe1+ 31. Rxe1 Nf6 32. Re7 b5 33. Ra7 b4 34. Rxa6 bxc3 35. bxc3 Ne4 0-1


[Site "https://www.chess.com"]

[Event "Titled Tuesday Blitz July 25 Early 2023"]
[White "Carrasco Miranda, Andres"]
[Black "Gyulamiryan-koryun"]
[WhiteFideId "3405990"]
[WhiteElo "2427"]
[BlackElo "2043"]
[Result "1-0"]
[Round "2"]
[TimeControl "180+2"]
[Date "2023.07.25"]
[WhiteClock "0:01:12"]
[BlackClock "0:00:05"]
[Board "247"]

1. d4 Nf6 2. c4 e6 3. g3 d5 4. Bg2 Bb4+ 5. Nd2 O-O 6. Nf3 dxc4 7. O-O c5 8. dxc5 Bxc5 9. Nxc4 Nc6 10. Bf4 Nd5 11. Nfe5 Nxf4 12. gxf4 Qh4 13. e3 Nxe5 14. Nxe5 Rb8 15. Rc1 Be7 16. Rc7 Bf6 17. Qc2 Bxe5 18. fxe5 Qg5 19. Rc1 h6 20. f4 Qf5 21. Qxf5 exf5 22. Bd5 Be6 23. Bxe6 fxe6 24. Kf2 Rfd8 25. Rg1 g5 26. fxg5 h5 27. g6 Rd2+ 28. Kf3 Rxb2 29. Rd1 Rxh2 30. Rdd7 Rh3+ 31. Kf4 Rh4+ 32. Kg5 Rg4+ 33. Kh6 h4 34. Rg7+ Kf8 35. Rcf7+ 1-0


[Site "https://www.chess.com"]

[Event "Titled Tuesday Blitz July 25 Early 2023"]
[White "Begunov, Konstantin"]
[Black "Bogumil, Tatiana"]
[WhiteFideId "4118510"]
[BlackFideId "4110579"]
[WhiteElo "2423"]
[BlackElo "2036"]
[Result "1-0"]
[Round "2"]
[TimeControl "180+2"]
[Date "2023.07.25"]
[WhiteClock "0:00:15"]
[BlackClock "0:00:08"]
[Board "248"]

1. d4 Nf6 2. c4 c5 3. Nf3 b6 4. Nc3 Bb7 5. d5 g6 6. e4 d6 7. e5 dxe5 8. Nxe5 Bg7 9. Nf3 O-O 10. Be2 Nfd7 11. O-O Ne5 12. Nxe5 Bxe5 13. Bh6 Re8 14. Re1 Nd7 15. Bf3 Bf6 16. Qc2 Ne5 17. Be2 Qc8 18. Ne4 Bh8 19. h3 Qf5 20. f4 Nxc4 21. Bxc4 Bxd5 22. Bxd5 Qxd5 23. Rad1 Qc6 24. Nc3 Bd4+ 25. Kh1 e6 26. Bg5 Kg7 27. Ne4 h6 28. Bh4 f5 29. Nc3 b5 30. Bf2 Bf6 31. Ne2 a5 32. Qxc5 Qxc5 33. Bxc5 Bxb2 34. Bd4+ Bxd4 35. Nxd4 Ra6 36. Nxb5 Rb6 37. a4 Kf6 38. Re5 g5 39. Rde1 gxf4 40. Nc7 Re7 41. Nd5+ 1-0


[Site "https://www.chess.com"]

[Event "Titled Tuesday Blitz July 25 Early 2023"]
[White "ilya2700"]
[Black "Nunez V, Gustavo Eduardo"]
[BlackFideId "4403690"]
[WhiteElo "2036"]
[BlackElo "2422"]
[Result "0-1"]
[Round "2"]
[TimeControl "180+2"]
[Date "2023.07.25"]
[WhiteClock "0:00:19"]
[BlackClock "0:00:04"]
[Board "249"]

1. e4 c5 2. c4 Nc6 3. Ne2 e5 4. d3 g6 5. Nbc3 Bg7 6. g3 Nge7 7. Bg2 O-O 8. O-O d6 9. f4 Bg4 10. h3 Be6 11. g4 f5 12. exf5 gxf5 13. fxe5 Bxe5 14. Bh6 Rf7 15. Nf4 Bxf4 16. Bxf4 fxg4 17. hxg4 Qd7 18. Nb5 Bxg4 19. Qe1 Raf8 20. Qg3 h5 21. Nxd6 Rf6 22. Ne4 Qd4+ 23. Kh1 Rg6 24. Bd6 Rxf1+ 25. Rxf1 Nf5 26. Qf4 Qxd3 27. Bxc5 Bh3 28. Ng5 Bxg2+ 29. Kxg2 Qe2+ 30. Rf2 Qe5 31. Qxf5 Rxg5+ 32. Qg4 Rxg4+ 33. Kf1 Qxc5 0-1


[Site "https://www.chess.com"]

[Event "Titled Tuesday Blitz July 25 Early 2023"]
[White "Davidson, Kevin"]
[Black "ivana_999"]
[WhiteFideId "2056810"]
[WhiteElo "2421"]
[BlackElo "2030"]
[Result "0-1"]
[Round "2"]
[TimeControl "180+2"]
[Date "2023.07.25"]
[WhiteClock "0:00:03"]
[BlackClock "0:00:42"]
[Board "250"]

1. e4 e6 2. d4 d5 3. Nc3 Nf6 4. Bg5 Bb4 5. e5 h6 6. Be3 Ne4 7. Qg4 Kf8 8. a3 Bxc3+ 9. bxc3 Nxc3 10. Bd3 c5 11. dxc5 Nc6 12. Nf3 h5 13. Qf4 d4 14. Nxd4 Nxd4 15. Bxd4 Nd5 16. Qe4 Bd7 17. O-O Bc6 18. f3 Nb4 19. Qe3 Nd5 20. Qf2 Nf4 21. Rad1 Qg5 22. Kh1 h4 23. h3 Nh5 24. Rfe1 Ng3+ 25. Kg1 Rd8 26. Be3 Qh5 27. Bf4 Nf5 28. Be4 Rxd1 29. Rxd1 Ke7 0-1


[Site "https://www.chess.com"]

[Event "Titled Tuesday Blitz July 25 Early 2023"]
[White "Rangel, Daniel"]
[Black "Castillo Pena, Patricia Evarista"]
[WhiteFideId "2124475"]
[BlackFideId "6412106"]
[WhiteElo "2419"]
[BlackElo "1999"]
[Result "1-0"]
[Round "2"]
[TimeControl "180+2"]
[Date "2023.07.25"]
[WhiteClock "0:00:50"]
[BlackClock "0:00:05"]
[Board "251"]

1. c4 c6 2. d4 d5 3. Nc3 Nf6 4. Bg5 e6 5. e3 Be7 6. Bd3 dxc4 7. Bxc4 b5 8. Bd3 Bb7 9. Nf3 Nbd7 10. O-O h6 11. Bh4 a6 12. a3 c5 13. Re1 O-O 14. e4 cxd4 15. Nxd4 Rc8 16. Bc2 Qc7 17. Bb3 Nc5 18. Ba2 Nfxe4 19. Nxe4 Nxe4 20. Bxe7 Qxe7 21. Qg4 Nf6 22. Qh3 Bd5 23. Nf5 Qc5 24. Nxh6+ gxh6 25. Qxh6 Bxa2 26. Qxf6 Qf5 27. Qxf5 exf5 28. Rxa2 Rc2 29. g3 Rd8 30. Re3 Rdd2 31. Rf3 Kg7 32. Rxf5 a5 33. Ra1 Rxb2 34. Re1 b4 35. axb4 axb4 36. Re7 1-0


[Site "https://www.chess.com"]

[Event "Titled Tuesday Blitz July 25 Early 2023"]
[White "Graham, Nathaniel"]
[Black "Balla, Tamas-Kristof"]
[WhiteFideId "2007983"]
[BlackFideId "1208497"]
[WhiteElo "1974"]
[BlackElo "2417"]
[Result "0-1"]
[Round "2"]
[TimeControl "180+2"]
[Date "2023.07.25"]
[WhiteClock "0:00:10"]
[BlackClock "0:00:55"]
[Board "252"]

1. e4 c5 2. Nf3 Nc6 3. d4 cxd4 4. Nxd4 e5 5. Nb5 d6 6. c4 Be7 7. Bd3 a6 8. N5a3 Bg5 9. Nc3 Bxc1 10. Rxc1 Nge7 11. O-O O-O 12. Nd5 Be6 13. Nc2 f5 14. Nxe7+ Nxe7 15. exf5 Bxf5 16. Bxf5 Nxf5 17. Qd5+ Kh8 18. f4 exf4 19. b3 Ne3 20. Nxe3 fxe3 21. Qxb7 Qh4 22. g3 Qd4 23. Qd5 Qb6 0-1


[Site "https://www.chess.com"]

[Event "Titled Tuesday Blitz July 25 Early 2023"]
[White "Zacurdajev, Dmitry"]
[Black "Lohani, Sujana"]
[WhiteFideId "4196309"]
[BlackFideId "12311987"]
[WhiteElo "2417"]
[BlackElo "1932"]
[Result "1-0"]
[Round "2"]
[TimeControl "180+2"]
[Date "2023.07.25"]
[WhiteClock "0:00:31"]
[BlackClock "0:00:01"]
[Board "253"]

1. d4 Nf6 2. c4 d6 3. Nc3 g6 4. e4 Bg7 5. Be2 O-O 6. Be3 Nbd7 7. g4 e5 8. d5 b6 9. h4 Nc5 10. f3 h5 11. g5 Ne8 12. Qd2 a5 13. O-O-O a4 14. Kb1 Bd7 15. Bf1 Qb8 16. Bh3 Bxh3 17. Nxh3 a3 18. b3 Ra5 19. b4 Ra8 20. bxc5 bxc5+ 21. Ka1 Qa7 22. Nb5 Qa4 23. Rc1 f5 24. Qc2 Qa5 25. Rb1 f4 26. Bd2 Qa6 27. Nf2 Rf7 28. Nd3 c6 29. dxc6 Qxc6 30. Rhd1 Nc7 31. Nxc7 Rxc7 32. Rb3 Qa4 33. Rb8+ Bf8 34. Qxa4 Rxa4 35. Rc1 Rca7 36. Kb1 Ra8 37. Rxa8 Rxa8 38. Kc2 Rb8 39. Rb1 Ra8 40. Rb7 Bg7 41. Kb3 Bf8 42. Bc1 1-0


[Site "https://www.chess.com"]

[Event "Titled Tuesday Blitz July 25 Early 2023"]
[White "i_like_explosions"]
[Black "Mikheeva, Galina"]
[BlackFideId "44108320"]
[WhiteElo "2416"]
[BlackElo "1916"]
[Result "1-0"]
[Round "2"]
[TimeControl "180+2"]
[Date "2023.07.25"]
[WhiteClock "0:00:28"]
[BlackClock "0:00:06"]
[Board "254"]

1. d4 Nf6 2. Bg5 Ne4 3. Bf4 d5 4. Nd2 Bf5 5. e3 e6 6. Ngf3 Bd6 7. Bxd6 Qxd6 8. Bd3 Nd7 9. O-O Nxd2 10. Qxd2 Bxd3 11. Qxd3 O-O 12. c4 c5 13. cxd5 Qxd5 14. e4 Qd6 15. Rfd1 cxd4 16. Qxd4 Qxd4 17. Rxd4 Nc5 18. Rc4 b6 19. Kf1 Rfd8 20. Ke2 f6 21. b4 Na4 22. Rac1 Rd7 23. e5 Kf7 24. exf6 gxf6 25. R1c2 Rad8 26. Rc7 Ke8 27. h4 Rxc7 28. Rxc7 Rd7 29. Rc8+ Kf7 30. g4 h6 31. h5 Nb2 32. Rc2 Nd3 33. a3 Nf4+ 34. Ke3 Nd5+ 35. Ke4 Ne7 36. Nd4 e5 37. Nf5 Nxf5 38. Kxf5 Kg7 39. Rc6 Rf7 40. b5 Rf8 41. Rc7+ Rf7 42. Rxf7+ Kxf7 43. f3 Kg7 44. Ke6 1-0


[Site "https://www.chess.com"]

[Event "Titled Tuesday Blitz July 25 Early 2023"]
[White "Rietze, Clemens, Dr."]
[Black "Zepeda Berlanga, Jan Enrique"]
[WhiteFideId "24620351"]
[BlackFideId "5132355"]
[WhiteElo "2414"]
[BlackElo "1857"]
[Result "1-0"]
[Round "2"]
[TimeControl "180+2"]
[Date "2023.07.25"]
[WhiteClock "0:01:29"]
[BlackClock "0:00:27"]
[Board "255"]

1. d4 Nf6 2. c4 g6 3. f3 Bg7 4. e4 d6 5. Nc3 O-O 6. Be3 a5 7. Bd3 Nc6 8. Nge2 e5 9. d5 Ne7 10. Qd2 Ne8 11. h4 f5 12. exf5 gxf5 13. O-O-O c5 14. Kb1 Nf6 15. h5 a4 16. a3 Qe8 17. Bg5 Bd7 18. Rdg1 b5 19. cxb5 Nfxd5 20. Nxd5 Nxd5 21. Bc4 Be6 22. Bxd5 Bxd5 23. Qxd5+ Kh8 24. h6 Bf6 25. Bxf6+ Rxf6 26. Nc3 Rb8 27. g4 f4 28. Ka1 Qf8 29. Rd1 Rb6 30. g5 Rg6 31. Rhg1 Qf5 32. Ne4 Rxb5 33. Nxd6 Rxd6 34. Qa8+ 1-0


[Site "https://www.chess.com"]

[Event "Titled Tuesday Blitz July 25 Early 2023"]
[White "Nazari, Arad"]
[Black "Nakamura, Hikaru"]
[WhiteFideId "12577324"]
[BlackFideId "2016192"]
[WhiteElo "2785"]
[BlackElo "3300"]
[Result "0-1"]
[Round "3"]
[TimeControl "180+2"]
[Date "2023.07.25"]
[WhiteClock "0:00:02"]
[BlackClock "0:00:28"]
[Board "1"]

1. e4 a6 2. Nf3 e6 3. d4 d5 4. exd5 Qxd5 5. c4 Qd8 6. Nc3 b6 7. Be2 Bb7 8. O-O Nf6 9. Be3 Nbd7 10. Qc2 Bd6 11. Rad1 Qe7 12. h3 O-O 13. Rfe1 c5 14. d5 exd5 15. Nxd5 Nxd5 16. cxd5 Qd8 17. Ng5 Nf6 18. Bf3 Re8 19. Ne4 Nxe4 20. Bxe4 g6 21. Bf3 Qf6 22. Bd2 b5 23. Bc3 Qf4 24. Kf1 Qh2 25. Re3 Rxe3 26. fxe3 Re8 27. e4 b4 28. Be1 a5 29. Qd3 Bc8 30. Bf2 Bd7 31. Bg1 Qe5 32. b3 a4 33. Bf2 axb3 34. axb3 Rb8 35. Qc2 Qh2 36. Ra1 f5 37. Ra7 Bb5+ 38. Be2 Qh1+ 39. Bg1 Bh2 40. Qxc5 Qxg1+ 41. Qxg1 Bxe2+ 42. Kxe2 Bxg1 0-1


[Site "https://www.chess.com"]

[Event "Titled Tuesday Blitz July 25 Early 2023"]
[White "Vachier-Lagrave, Maxime"]
[Black "Kantor, Gergely"]
[WhiteFideId "623539"]
[BlackFideId "751499"]
[WhiteElo "3129"]
[BlackElo "2783"]
[Result "1-0"]
[Round "3"]
[TimeControl "180+2"]
[Date "2023.07.25"]
[WhiteClock "0:00:21"]
[BlackClock "0:00:03"]
[Board "2"]

1. e4 e6 2. d4 d5 3. Bd3 dxe4 4. Bxe4 Nf6 5. Bf3 c5 6. Ne2 Nc6 7. Be3 cxd4 8. Nxd4 Ne5 9. O-O Nxf3+ 10. Qxf3 Be7 11. Nc3 O-O 12. Rad1 Qa5 13. Nb3 Qc7 14. Nb5 Qe5 15. c4 a6 16. Bf4 Qxb2 17. Rd2 Qxd2 18. Nxd2 axb5 19. cxb5 Rxa2 20. Nc4 Nd5 21. Bd6 Bxd6 22. Nxd6 b6 23. Rc1 Bd7 24. h4 h6 25. g3 Rb2 26. Qa3 Rb4 27. Qa6 Rb2 28. h5 e5 29. Qa3 Rd2 30. Nc4 Rd4 31. Nxe5 Bxb5 32. Qb2 Rb4 33. Qd2 Rd8 34. Kh2 Ra4 35. Rc7 Raa8 36. Rxf7 Nf6 37. Qb4 Be8 38. Qf8+ 1-0


[Site "https://www.chess.com"]

[Event "Titled Tuesday Blitz July 25 Early 2023"]
[White "Pakleza, Zbigniew"]
[Black "So, Wesley"]
[WhiteFideId "1119290"]
[BlackFideId "5202213"]
[WhiteElo "2775"]
[BlackElo "3105"]
[Result "1-0"]
[Round "3"]
[TimeControl "180+2"]
[Date "2023.07.25"]
[WhiteClock "0:00:02"]
[BlackClock "0:00:01"]
[Board "3"]

1. d4 d5 2. Nf3 e6 3. Bf4 Bd6 4. Bg3 c5 5. c3 cxd4 6. cxd4 Ne7 7. Nc3 Nf5 8. e3 Nc6 9. Bd3 Nxg3 10. hxg3 Bd7 11. Rc1 Rc8 12. a3 g6 13. O-O O-O 14. Qe2 Re8 15. Rc2 Bf8 16. Rfc1 Bg7 17. Bb5 a6 18. Bxc6 Bxc6 19. Ne5 Bxe5 20. dxe5 Qg5 21. f4 Qxg3 22. Qf2 Qg4 23. Ne2 Bd7 24. Nd4 Rxc2 25. Rxc2 Bc6 26. Qf3 Qh4 27. Qf2 Qg4 28. Qf3 Qxf3 29. Nxf3 h5 30. Nd4 Rc8 31. Kf2 Kf8 32. Kg3 Kg7 33. Kh4 Kh6 34. Rc3 Rg8 35. Nxc6 bxc6 36. Rxc6 g5+ 37. Kh3 gxf4 38. exf4 Rb8 39. f5 Kg5 40. fxe6 fxe6 41. b4 Kf5 42. Rxa6 Kxe5 43. Kg3 d4 44. Kf3 Rf8+ 45. Ke2 Rg8 46. Kf3 Rf8+ 47. Ke2 Rc8 48. b5 Rc2+ 49. Kd1 Rxg2 50. b6 Rb2 51. a4 h4 52. Ra5+ Kd6 53. Ra6 h3 54. b7+ Kd7 55. Ra7 Kd6 56. Ra6+ Kd5 57. Ra5+ Kc6 58. Rh5 Rxb7 59. Rxh3 e5 60. a5 Ra7 61. Rh6+ Kd5 62. a6 d3 63. Kd2 e4 64. Ke3 1-0


[Site "https://www.chess.com"]

[Event "Titled Tuesday Blitz July 25 Early 2023"]
[White "Dubov, Daniil"]
[Black "Khripachenko, Alexander"]
[WhiteFideId "24126055"]
[BlackFideId "54184975"]
[WhiteElo "3098"]
[BlackElo "2767"]
[Result "1-0"]
[Round "3"]
[TimeControl "180+2"]
[Date "2023.07.25"]
[WhiteClock "0:00:02"]
[BlackClock "0:00:01"]
[Board "4"]

1. c4 e6 2. Nf3 d5 3. b3 Nf6 4. Bb2 c5 5. g3 Nc6 6. cxd5 exd5 7. Bg2 d4 8. O-O Be7 9. e3 O-O 10. exd4 cxd4 11. Re1 Bf5 12. Na3 Re8 13. Nc4 Be4 14. Nce5 Nxe5 15. Nxe5 Bxg2 16. Kxg2 Bb4 17. Qf3 Bxd2 18. Red1 Rxe5 19. Rxd2 Rd5 20. Rad1 Qd7 21. Bxd4 Re8 22. Rd3 Ne4 23. Bxg7 Rxd3 24. Rxd3 Qe6 25. Bc3 Ng5 26. Qd5 Qh3+ 27. Kg1 Qg4 28. Kg2 Qh3+ 29. Kg1 Qg4 30. Qd7 Nh3+ 31. Kf1 Qe2+ 32. Kg2 Ng5 33. Qd5 h6 34. h4 Ne6 35. Rf3 1-0


[Site "https://www.chess.com"]

[Event "Titled Tuesday Blitz July 25 Early 2023"]
[White "Sarana, Alexey"]
[Black "Bauman_Guy"]
[WhiteFideId "24133795"]
[WhiteElo "3056"]
[BlackElo "2766"]
[Result "1-0"]
[Round "3"]
[TimeControl "180+2"]
[Date "2023.07.25"]
[WhiteClock "0:00:23"]
[BlackClock "0:00:02"]
[Board "5"]

1. d4 Nf6 2. c4 b6 3. Nc3 Bb7 4. f3 g6 5. e4 Bg7 6. Bd3 d6 7. Nge2 e5 8. Be3 a5 9. Qd2 Nbd7 10. Bc2 exd4 11. Nxd4 Nc5 12. O-O O-O 13. b3 Re8 14. Rad1 Qc8 15. Ndb5 h5 16. Bg5 Ne6 17. Bh4 Nc5 18. Kh1 Nfd7 19. Nd5 Bxd5 20. cxd5 Bf6 21. Bf2 h4 22. a3 Ne5 23. Bd4 h3 24. f4 Ned7 25. gxh3 a4 26. b4 Nxe4 27. Bxe4 Rxe4 28. Qg2 Re7 29. f5 Bxd4 30. Nxd4 Ne5 31. Qg5 Qf8 32. fxg6 Nxg6 33. Rf6 Rae8 34. Nf3 Qg7 35. Rg1 Re3 36. h4 R8e5 37. Nxe5 Rxe5 38. Rf5 Kf8 39. h5 Rxf5 40. Qd8# 1-0


[Site "https://www.chess.com"]

[Event "Titled Tuesday Blitz July 25 Early 2023"]
[White "Schnaider, Ilan"]
[Black "Bluebaum, Matthias"]
[WhiteFideId "169013"]
[BlackFideId "24651516"]
[WhiteElo "2763"]
[BlackElo "3047"]
[Result "0-1"]
[Round "3"]
[TimeControl "180+2"]
[Date "2023.07.25"]
[WhiteClock "0:00:06"]
[BlackClock "0:01:30"]
[Board "6"]

1. e4 e6 2. d4 d5 3. Nd2 c5 4. Ngf3 Nf6 5. exd5 Nxd5 6. dxc5 Bxc5 7. Ne4 Be7 8. Bd3 O-O 9. O-O Nb4 10. Be2 Qc7 11. c3 Rd8 12. Bd2 Nd3 13. Bxd3 Rxd3 14. Nd4 b6 15. Bf4 Rxd1 16. Bxc7 Rxa1 17. Rxa1 Bb7 18. Nd6 Bd5 19. c4 Na6 20. cxd5 Nxc7 21. N6b5 Nxd5 22. Rc1 a6 23. Na3 b5 24. Nc6 Bf6 25. Rc2 Rc8 26. b3 Kf8 27. Nb1 Ne7 28. Nb4 Rxc2 29. Nxc2 Nd5 30. Kf1 Ke7 31. g3 Kd6 32. Ke2 Kc5 33. Kd3 Nb4+ 34. Nxb4 Kxb4 35. Nd2 Ka3 36. Ne4 Be7 37. Nc3 Bb4 38. Nb1+ Kxa2 39. Kc2 e5 40. f3 f5 41. h4 h5 42. f4 e4 43. Kc1 Kxb3 44. Kd1 Kb2 45. Nd2 Bxd2 46. Kxd2 b4 0-1


[Site "https://www.chess.com"]

[Event "Titled Tuesday Blitz July 25 Early 2023"]
[White "Dvirnyy, Danyyil"]
[Black "Bortnyk, Olexandr"]
[WhiteFideId "817570"]
[BlackFideId "14120828"]
[WhiteElo "2753"]
[BlackElo "3040"]
[Result "0-1"]
[Round "3"]
[TimeControl "180+2"]
[Date "2023.07.25"]
[WhiteClock "0:00:01"]
[BlackClock "0:00:03"]
[Board "7"]

1. Nf3 Nf6 2. g3 b6 3. Bg2 Bb7 4. O-O g6 5. b3 Bg7 6. Bb2 O-O 7. c4 e6 8. d4 d5 9. Nc3 Na6 10. e3 c5 11. Qe2 dxc4 12. bxc4 cxd4 13. exd4 Rc8 14. Rac1 Nb4 15. Rfd1 Re8 16. a4 a5 17. Nb5 Bh6 18. Ra1 Be4 19. Ne5 Bxg2 20. Kxg2 Bg7 21. Qf3 Qe7 22. Ba3 h5 23. Nc6 Rxc6 24. Bxb4 Qd7 25. Ba3 Rxc4 26. Nd6 Rxa4 27. Nxe8 Qxe8 28. Rab1 Nd5 29. Bd6 Bxd4 30. Rbc1 Qd7 31. Rxd4 Rxd4 32. Be5 Rd2 33. h4 a4 34. Kh3 b5 35. Rc7 Qxc7 36. Bxc7 Nxc7 37. Qc6 Nd5 38. Qxb5 a3 39. Qb8+ Kg7 40. Qe5+ Kh7 41. f3 a2 42. Qe1 Rc2 43. Qa1 Rf2 44. Qd4 Rxf3 45. Qb2 Nf4+ 46. Kh2 Nd3 47. Qb7 Rf2+ 48. Kh3 a1=Q 49. Qe4 Qf1+ 0-1


[Site "https://www.chess.com"]

[Event "Titled Tuesday Blitz July 25 Early 2023"]
[White "Shimanov, Aleksandr"]
[Black "Djordjevic, Vuk"]
[WhiteFideId "4198603"]
[BlackFideId "902098"]
[WhiteElo "3013"]
[BlackElo "2751"]
[Result "1-0"]
[Round "3"]
[TimeControl "180+2"]
[Date "2023.07.25"]
[WhiteClock "0:00:33"]
[BlackClock "0:00:07"]
[Board "8"]

1. e4 e6 2. d4 d5 3. Nc3 Bb4 4. Ne2 dxe4 5. a3 Bxc3+ 6. Nxc3 Nc6 7. Bf4 Nf6 8. Bb5 Bd7 9. d5 Ne7 10. dxe6 fxe6 11. Bc4 c6 12. Qe2 Ned5 13. Be5 O-O 14. O-O Qe8 15. Nxe4 Nxe4 16. Qxe4 b5 17. Bd3 Qh5 18. a4 a6 19. Bg3 Qf5 20. Qd4 Qg5 21. Qe4 Rf5 22. axb5 cxb5 23. Rfe1 a5 24. Qd4 Rff8 25. Re5 Qf6 26. Rae1 Rfe8 27. c3 Qf7 28. Qh4 Nf6 29. Rg5 Red8 30. Be5 Kh8 31. Re3 Be8 32. Rh3 Rxd3 33. Rxd3 h6 34. Rxg7 Kxg7 35. Rg3+ Kf8 36. Bd6+ Qe7 37. Qxf6+ Bf7 1-0


[Site "https://www.chess.com"]

[Event "Titled Tuesday Blitz July 25 Early 2023"]
[White "Zubritskiy, Artyom"]
[Black "Pranav, V"]
[WhiteFideId "4181247"]
[BlackFideId "25060783"]
[WhiteElo "2748"]
[BlackElo "3006"]
[Result "0-1"]
[Round "3"]
[TimeControl "180+2"]
[Date "2023.07.25"]
[WhiteClock "0:00:01"]
[BlackClock "0:00:11"]
[Board "9"]

1. d4 Nf6 2. c4 e6 3. g3 Bb4+ 4. Bd2 Bxd2+ 5. Qxd2 O-O 6. Bg2 d6 7. Nc3 Nbd7 8. Nf3 e5 9. O-O exd4 10. Nxd4 Re8 11. Rad1 a6 12. b3 Nc5 13. Qc2 a5 14. a3 Qe7 15. Ndb5 g6 16. b4 axb4 17. axb4 Bf5 18. Qb2 Nce4 19. Bxe4 Bxe4 20. Nxe4 Nxe4 21. f3 Ng5 22. e4 Ra6 23. h4 Ne6 24. Ra1 c6 25. Rxa6 bxa6 26. Nc3 Nd4 27. Qd2 Qf6 28. Kg2 Rb8 29. Nd1 h5 30. Ne3 Nb3 31. Qe1 Nd4 32. Qc3 Qe5 33. Rc1 Ne2 34. Qxe5 dxe5 35. Rb1 Nd4 0-1


[Site "https://www.chess.com"]

[Event "Titled Tuesday Blitz July 25 Early 2023"]
[White "djokovic74"]
[Black "Matlakov, Maxim"]
[BlackFideId "4168003"]
[WhiteElo "2748"]
[BlackElo "2992"]
[Result "0-1"]
[Round "3"]
[TimeControl "180+2"]
[Date "2023.07.25"]
[WhiteClock "0:00:20"]
[BlackClock "0:01:03"]
[Board "10"]

1. e4 c5 2. Nf3 e6 3. d4 cxd4 4. Nxd4 Nc6 5. Nc3 Qc7 6. Be3 a6 7. a3 b5 8. Nxc6 Qxc6 9. Be2 Bb7 10. Qd3 b4 11. axb4 Bxb4 12. Bf3 Ne7 13. O-O Ng6 14. Qd4 Bxc3 15. bxc3 O-O 16. Rfb1 Qc7 17. Qb6 Qxb6 18. Rxb6 Bc6 19. Raxa6 Rxa6 20. Rxa6 Rb8 21. h3 Rb1+ 22. Kh2 f6 23. Bd4 Rb2 24. Rb6 Rxc2 25. Rb8+ Kf7 26. Bd1 Rd2 27. Bf3 Nh4 28. Kg3 g5 29. Bh5+ Kg7 30. Re8 Bxe4 31. Re7+ Kh6 32. Be8 Nf5+ 33. Kh2 Nxe7 0-1


[Site "https://www.chess.com"]